AoeStats
← Elmatz

Arabia

508068857Analyzed
3v3 RM · 13d ago on Sep 20, 2026· 78m 44s· 6 players
Game mode
Random Map
Map size
Normal (6 player)
Population
200
Speed
Normal
Resources
Standard
Victory
Conquest
Starting age
Dark Age
Ending age
Imperial Age
RankedLock teamsTeams togetherTeam positionsShared explorationLock speedFull tech treeHidden civsTurbo modeCheats
Victory
Defeat
🇵🇪 Japanese · Peru
1104
+15
🇵🇪 Huns · Peru
1104
+15
🇵🇪 Persians · Peru
1096
+16
1107
-16
🇦🇷 Gurjaras · Argentina
1104
-15
🇪🇨 Franks · Ecuador
1066
-15
Elmatz
10:32 Feudal Age
9:25 Loom
10:41 Man-at-Arms
11:22 Double-Bit Axe
12:43 Horse Collar
19:02 Arson
19:31 Forging
21:43 Castle Age
19:58 Forging
21:08 Scale Mail Armor
21:02 Stone Mining
22:22 Long Swordsman
23:03 Squires
24:43 Iron Casting
25:52 Bow Saw
25:45 Heavy Plow
25:29 Pikeman
31:01 Wheelbarrow
33:09 Gold Mining
34:10 Chain Mail Armor
33:43 Gambesons
35:14 Hand Cart
41:33 Imperial Age
41:45 Halberdier
43:28 Blast Furnace
42:59 Plate Mail Armor
42:04 Capped Ram
43:18 Conscription
45:41 Elite Samurai
50:18 Heavy Scorpion
52:13 Town Watch
58:17 Onager
62:41 Chemistry
62:02 Ballistics
61:51 Siege Engineers
65:08 Ballistics
65:42 Kataparuto
.:LUSHO:.
7:56 Loom
10:31 Feudal Age
13:05 Horse Collar
13:11 Double-Bit Axe
17:55 Fletching
23:02 Castle Age
21:20 Gold Mining
22:57 Pikeman
24:10 Squires
24:19 Heavy Plow
25:10 Gold Shaft Mining
25:37 Wheelbarrow
25:59 Bow Saw
25:54 Stone Mining
25:56 Crossbowman
27:44 Bodkin Arrow
28:05 Arson
29:37 Hand Cart
35:53 Forging
35:49 Scale Barding Armor
37:43 Stone Shaft Mining
39:43 Imperial Age
38:03 Scale Mail Armor
38:46 Husbandry
38:56 Bloodlines
41:13 Capped Ram
45:06 Crop Rotation
45:11 Elite War Elephant
45:42 Light Cavalry
47:03 Chain Barding Armor
47:00 Town Watch
46:37 Halberdier
48:19 Conscription
48:27 Chain Mail Armor
49:32 Iron Casting
50:42 Plate Mail Armor
51:43 Heavy Camel Rider
53:10 Town Patrol
54:26 Blast Furnace
54:01 Plate Barding Armor
55:39 Two-Man Saw
58:28 Hussar
61:31 Padded Archer Armor
62:14 Kamandaran
62:55 Leather Archer Armor
74:45 Citadels
74:57 Thumb Ring
Diegotzu
10:12 Feudal Age
9:55 Loom
17:08 Castle Age
18:19 Double-Bit Axe
18:46 Bloodlines
24:03 Scale Barding Armor
31:23 Husbandry
36:14 Pikeman
43:52 Scale Mail Armor
45:49 Chain Barding Armor
51:19 Imperial Age
55:30 Plate Barding Armor
55:07 Forging
57:58 Halberdier
61:51 Elite Tarkan
64:07 Chain Mail Armor
42 aldeanos fueron a lo del tano
7:11 Loom
10:20 Feudal Age
10:50 Double-Bit Axe
24:09 Castle Age
26:50 Town Watch
36:55 Padded Archer Armor
36:47 Fletching
38:21 Bloodlines
39:34 Wheelbarrow
62:22 Town Watch
64:22 Light Cavalry
65:04 Husbandry
68:50 Pikeman
76:21 Forging
76:11 Scale Mail Armor
77:31 Bow Saw
78:05 Horse Collar
Juanchaman
7:35 Loom
10:16 Feudal Age
13:05 Double-Bit Axe
16:45 Bloodlines
20:02 Castle Age
18:49 Horse Collar
19:46 Town Watch
20:03 Gold Mining
20:11 Fletching
21:43 Husbandry
23:48 Forging
24:23 Scale Barding Armor
27:40 Chain Barding Armor
28:17 Wheelbarrow
30:03 Iron Casting
29:47 Heavy Plow
31:12 Hand Cart
32:00 Bow Saw
34:48 Town Patrol
39:43 Imperial Age
40:49 Conscription
39:53 Heavy Camel Rider
41:42 Plate Barding Armor
41:03 Stone Mining
41:52 Frontier Guards
41:57 Kshatriyas
44:02 Thumb Ring
44:57 Crop Rotation
44:45 Bodkin Arrow
47:46 Chemistry
47:06 Ballistics
46:41 Elite Elephant Archer
48:37 Hoardings
49:47 Bracer
49:47 Padded Archer Armor
51:32 Murder Holes
55:27 Leather Archer Armor
66:38 Masonry
67:37 Elite Chakram Thrower
andy_marcelo2012
6:56 Loom
7:00 Loom
10:44 Feudal Age
16:57 Castle Age
17:04 Double-Bit Axe
19:04 Wheelbarrow
19:35 Scale Barding Armor
22:24 Husbandry
26:41 Bow Saw
27:01 Stone Mining
27:48 Forging
31:37 Chain Barding Armor
33:50 Iron Casting
36:22 Hand Cart
36:34 Pikeman
37:32 Gold Mining
37:34 Town Watch
42:12 Imperial Age
39:59 Scale Mail Armor
44:49 Cavalier
46:13 Plate Barding Armor
47:53 Blast Furnace
47:01 Paladin
48:52 Chivalry
48:55 Light Cavalry
49:28 Fletching
49:39 Padded Archer Armor
50:58 Gold Shaft Mining
51:24 Chain Mail Armor
53:43 Plate Mail Armor
53:22 Halberdier
62:30 Squires
62:28 Bodkin Arrow
Connection lost

Rejoining the realm…

Still unreachable

The connection could not be restored.

Session expired

The server has moved on; the page needs a fresh start.